[ AOE2 MATCH · #505532495 ]
UnrankedTurks vs Lithuanians
Player's team · WIN
[ REPLAY ANALYSIS · EXTRACTED FROM THE RECORDED GAME ]
Feudal
—
Castle
—
Imperial
—
| APM avg | 26.4 |
| APM peak | 61 |
| eAPM avg | 12.1 |
| Villagers / military | 58 / 64 |
Focus
⚔️ 25.9% · 🌾 74.1%
Janissary ×48 · Bombard Cannon ×13 · Petard ×2 · Trebuchet (Packed) ×1
Feudal
—
Castle
—
Imperial
—
| APM avg | 24.1 |
| APM peak | 58 |
| eAPM avg | 16.6 |
| Villagers / military | 107 / 57 |
Focus
⚔️ 34.5% · 🌾 65.5%
Skirmisher ×24 · Knight ×18 · Spearman ×6 · Monk ×4 · Archer ×3 · Trebuchet (Packed) ×2
Match map
Initial resources + every placement click. Lines = walls · curves = elevation contours. ◆ gold · ⬟ stone · ● berries · ✦ relic · ◌ wall gap
Your base· ✓ Closed at 13:25 · 0t walls · 2 gate(s)
si.elgen's base· ✓ Closed at 11:41 · 0t walls · 3 gate(s)
Smoothed initial terrain · ◌ = detected wall gap · hover for details
Inputs per minute
— fidelon33 - - si.elgen
Build order — fidelon33
First 150 of 192 actions detected
| 0:01 | Queue | Villager (Male) |
| 0:01 | Queue | Villager (Male) |
| 0:02 | Queue | Villager (Male) |
| 0:02 | Queue | Villager (Male) |
| 0:02 | Queue | Villager (Male) |
| 0:04 | Build | House |
| 0:05 | Build | House |
| 1:23 | Queue | Villager (Male) |
| 1:24 | Queue | Villager (Male) |
| 2:04 | Build | Lumber Camp |
| 2:04 | Queue | Villager (Male) |
| 2:05 | Queue | Villager (Male) |
| 2:22 | Queue | Villager (Male) |
| 2:22 | Queue | Villager (Male) |
| 2:46 | Queue | Villager (Male) |
| 2:47 | Queue | Villager (Male) |
| 3:02 | Queue | Villager (Male) |
| 3:02 | Queue | Villager (Male) |
| 3:35 | Queue | Villager (Male) |
| 3:35 | Queue | Villager (Male) |
| 3:35 | Queue | Villager (Male) |
| 3:51 | Build | House |
| 3:52 | Build | House |
| 3:53 | Build | House |
| 3:58 | Queue | Villager (Male) |
| 3:59 | Queue | Villager (Male) |
| 3:59 | Queue | Villager (Male) |
| 4:33 | Build | Mill |
| 4:40 | Queue | Villager (Male) |
| 4:40 | Queue | Villager (Male) |
| 4:40 | Queue | Villager (Male) |
| 5:02 | Queue | Villager (Male) |
| 5:02 | Queue | Villager (Male) |
| 5:03 | Queue | Villager (Male) |
| 5:47 | Queue | Villager (Male) |
| 5:48 | Queue | Villager (Male) |
| 5:48 | Queue | Villager (Male) |
| 5:48 | Queue | Villager (Male) |
| 6:46 | Queue | Villager (Male) |
| 7:14 | Build | Lumber Camp |
| 7:23 | Queue | Villager (Male) |
| 7:52 | Queue | Villager (Male) |
| 7:52 | Queue | Villager (Male) |
| 8:18 | Queue | Villager (Male) |
| 8:53 | Queue | Villager (Male) |
| 9:10 | Queue | Villager (Male) |
| 9:11 | Research | Feudal Age |
| 9:37 | Research | Feudal Age |
| 10:36 | Build | Farm |
| 10:41 | Build | Farm |
| 10:53 | Build | Farm |
| 10:56 | Build | Farm |
| 10:57 | Build | Farm |
| 11:00 | Build | Farm |
| 11:05 | Build | Farm |
| 11:08 | Build | Farm |
| 11:12 | Build | Farm |
| 11:16 | Build | Farm |
| 11:20 | Build | Farm |
| 11:30 | Queue | Villager (Male) |
| 11:31 | Queue | Villager (Male) |
| 12:18 | Build | Market |
| 12:22 | Build | Blacksmith |
| 12:47 | Build | Mining Camp |
| 13:25 | Research | Castle Age |
| 13:45 | Build | Mining Camp |
| 14:02 | Build | House |
| 14:03 | Build | House |
| 14:04 | Build | House |
| 14:10 | Research | Double-Bit Axe |
| 14:13 | Research | Horse Collar |
| 14:14 | Research | Stone Mining |
| 14:21 | Research | Gold Mining |
| 15:28 | Queue | Villager (Male) |
| 15:28 | Queue | Villager (Male) |
| 15:53 | Queue | Villager (Male) |
| 16:51 | Queue | Villager (Male) |
| 17:26 | Build | Farm |
| 17:27 | Build | Farm |
| 17:35 | Queue | Villager (Male) |
| 17:48 | Queue | Villager (Male) |
| 17:52 | Build | Farm |
| 18:04 | Queue | Villager (Male) |
| 18:27 | Queue | Villager (Male) |
| 18:49 | Research | Gold Shaft Mining |
| 18:53 | Research | Bow Saw |
| 18:54 | Research | Heavy Plow |
| 19:01 | Research | Town Watch |
| 19:01 | Research | Wheelbarrow |
| 19:02 | Research | Loom |
| 20:03 | Build | Castle |
| 21:04 | Build | Farm |
| 21:05 | Build | Farm |
| 21:14 | Build | Farm |
| 21:17 | Build | Farm |
| 21:25 | Queue | Janissary |
| 21:25 | Queue | Janissary |
| 21:27 | Queue | Janissary |
| 21:34 | Queue | Villager (Male) |
| 21:35 | Queue | Villager (Male) |
| 21:40 | Queue | Janissary |
| 21:40 | Queue | Janissary |
| 22:04 | Research | Padded Archer Armor |
| 22:31 | Queue | Janissary |
| 22:31 | Queue | Janissary |
| 22:37 | Queue | Villager (Male) |
| 22:38 | Queue | Villager (Male) |
| 22:43 | Research | Hand Cart |
| 22:47 | Queue | Janissary |
| 23:09 | Research | Leather Archer Armor |
| 23:41 | Queue | Janissary |
| 23:41 | Queue | Janissary |
| 23:43 | Queue | Janissary |
| 24:03 | Queue | Janissary |
| 24:03 | Queue | Janissary |
| 24:15 | Queue | Villager (Male) |
| 24:15 | Queue | Villager (Male) |
| 24:25 | Build | Farm |
| 24:27 | Build | Farm |
| 24:28 | Build | Farm |
| 24:30 | Build | Farm |
| 24:33 | Build | Farm |
| 24:45 | Queue | Janissary |
| 24:46 | Queue | Janissary |
| 24:55 | Build | Farm |
| 24:59 | Queue | Villager (Male) |
| 25:00 | Queue | Villager (Male) |
| 25:26 | Queue | Janissary |
| 25:26 | Queue | Janissary |
| 26:01 | Build | Castle |
| 26:14 | Build | Castle |
| 27:03 | Build | Mining Camp |
| 27:14 | Queue | Petard |
| 27:14 | Queue | Petard |
| 27:31 | Build | Siege Workshop |
| 27:51 | Research | Imperial Age |
| 28:07 | Queue | Janissary |
| 28:08 | Queue | Janissary |
| 28:10 | Queue | Janissary |
| 28:10 | Queue | Janissary |
| 28:14 | Queue | Janissary |
| 28:15 | Queue | Janissary |
| 28:15 | Queue | Janissary |
| 28:18 | Queue | Janissary |
| 28:18 | Queue | Janissary |
| 28:18 | Queue | Janissary |
| 28:19 | Queue | Janissary |
| 30:08 | Queue | Janissary |
| 30:08 | Queue | Janissary |
| 30:09 | Queue | Janissary |
Build order — si.elgen
First 150 of 277 actions detected
| 0:01 | Queue | Villager (Male) |
| 0:01 | Queue | Villager (Male) |
| 0:01 | Queue | Villager (Male) |
| 0:02 | Queue | Villager (Male) |
| 0:02 | Queue | Villager (Male) |
| 0:02 | Queue | Villager (Male) |
| 0:04 | Build | House |
| 0:06 | Build | House |
| 1:27 | Queue | Villager (Male) |
| 1:51 | Build | Lumber Camp |
| 2:13 | Queue | Villager (Male) |
| 2:13 | Queue | Villager (Male) |
| 2:26 | Queue | Villager (Male) |
| 2:27 | Queue | Villager (Male) |
| 2:58 | Queue | Villager (Male) |
| 2:59 | Queue | Villager (Male) |
| 3:26 | Build | House |
| 3:28 | Build | House |
| 3:44 | Queue | Villager (Male) |
| 3:45 | Queue | Villager (Male) |
| 4:05 | Queue | Villager (Male) |
| 4:05 | Queue | Villager (Male) |
| 4:11 | Build | Mill |
| 4:33 | Queue | Villager (Male) |
| 4:34 | Queue | Villager (Male) |
| 6:28 | Queue | Villager (Male) |
| 6:28 | Queue | Villager (Male) |
| 6:30 | Queue | Villager (Male) |
| 6:30 | Queue | Villager (Male) |
| 7:23 | Build | Mining Camp |
| 8:23 | Research | Feudal Age |
| 8:29 | Research | Loom |
| 8:55 | Build | House |
| 9:08 | Build | Farm |
| 9:09 | Build | Farm |
| 9:36 | Build | House |
| 10:03 | Queue | Villager (Male) |
| 10:04 | Queue | Villager (Male) |
| 10:40 | Build | Blacksmith |
| 10:46 | Build | Market |
| 11:07 | Build | Farm |
| 11:17 | Build | Farm |
| 11:41 | Research | Castle Age |
| 11:53 | Build | Farm |
| 12:11 | Research | Double-Bit Axe |
| 13:04 | Build | Barracks |
| 13:40 | Build | House |
| 13:45 | Build | House |
| 14:01 | Queue | Spearman |
| 14:01 | Queue | Spearman |
| 14:50 | Build | Monastery |
| 15:09 | Queue | Villager (Male) |
| 15:10 | Queue | Villager (Male) |
| 15:21 | Research | Pikeman (upgrade) |
| 15:23 | Queue | Spearman |
| 15:33 | Queue | Monk |
| 15:33 | Queue | Monk |
| 15:48 | Build | Farm |
| 15:53 | Build | Farm |
| 15:57 | Research | Bow Saw |
| 16:16 | Research | Squires |
| 16:17 | Queue | Spearman |
| 16:31 | Queue | Monk |
| 16:35 | Queue | Spearman |
| 16:51 | Queue | Villager (Male) |
| 16:51 | Queue | Villager (Male) |
| 16:51 | Queue | Villager (Male) |
| 17:29 | Queue | Spearman |
| 17:31 | Queue | Villager (Male) |
| 17:32 | Queue | Villager (Male) |
| 17:34 | Queue | Monk |
| 18:09 | Queue | Villager (Male) |
| 18:09 | Queue | Villager (Male) |
| 18:15 | Build | Town Center |
| 18:52 | Queue | Villager (Male) |
| 18:52 | Queue | Villager (Male) |
| 18:52 | Queue | Villager (Male) |
| 18:59 | Build | House |
| 19:01 | Build | House |
| 19:11 | Build | Town Center |
| 19:14 | Queue | Villager (Male) |
| 19:14 | Queue | Villager (Male) |
| 19:56 | Queue | Villager (Male) |
| 19:57 | Queue | Villager (Male) |
| 20:01 | Build | House |
| 20:03 | Build | House |
| 20:04 | Build | House |
| 20:09 | Queue | Villager (Male) |
| 20:09 | Queue | Villager (Male) |
| 20:09 | Queue | Villager (Male) |
| 20:10 | Queue | Villager (Male) |
| 20:17 | Build | Farm |
| 20:17 | Build | Farm |
| 20:42 | Build | Mining Camp |
| 20:51 | Build | Farm |
| 20:51 | Build | Farm |
| 20:55 | Queue | Villager (Male) |
| 20:56 | Queue | Villager (Male) |
| 20:56 | Queue | Villager (Male) |
| 20:56 | Queue | Villager (Male) |
| 20:56 | Queue | Villager (Male) |
| 21:34 | Build | House |
| 21:36 | Build | House |
| 21:37 | Build | House |
| 21:38 | Build | House |
| 21:46 | Build | Farm |
| 21:46 | Build | Farm |
| 21:46 | Build | Farm |
| 21:46 | Build | Farm |
| 22:04 | Build | Farm |
| 22:07 | Build | Farm |
| 22:37 | Queue | Villager (Male) |
| 22:37 | Queue | Villager (Male) |
| 22:37 | Queue | Villager (Male) |
| 22:38 | Queue | Villager (Male) |
| 22:41 | Build | Farm |
| 22:46 | Build | Farm |
| 22:52 | Build | Farm |
| 22:52 | Build | Farm |
| 22:58 | Build | Farm |
| 23:32 | Build | House |
| 23:41 | Build | Farm |
| 23:45 | Build | Farm |
| 23:48 | Build | Farm |
| 23:55 | Queue | Villager (Male) |
| 23:55 | Queue | Villager (Male) |
| 23:55 | Queue | Villager (Male) |
| 23:55 | Queue | Villager (Male) |
| 24:25 | Build | Farm |
| 24:25 | Build | Farm |
| 24:26 | Build | Farm |
| 24:53 | Build | Farm |
| 25:20 | Build | University |
| 25:27 | Research | Stone Mining |
| 25:34 | Queue | Villager (Male) |
| 25:34 | Queue | Villager (Male) |
| 25:34 | Queue | Villager (Male) |
| 25:35 | Queue | Villager (Male) |
| 26:10 | Build | Castle |
| 26:20 | Research | Imperial Age |
| 26:49 | Research | Wheelbarrow |
| 26:49 | Research | Town Watch |
| 26:51 | Queue | Villager (Male) |
| 26:51 | Queue | Villager (Male) |
| 26:51 | Queue | Villager (Male) |
| 26:51 | Queue | Villager (Male) |
| 27:10 | Build | Archery Range |
| 27:18 | Build | Archery Range |
| 27:22 | Build | Archery Range |
| 27:28 | Research | Town Patrol |
Match timeline
| 13:04 | si.elgen · first_building Barracks |
| 13:18 | fidelon33 · first_market_sell 100 stone |
| 14:50 | si.elgen · first_building Monastery |
| 19:05 | si.elgen · first_market_buy 100 wood |
| 20:03 | fidelon33 · first_building Castle |
| 26:10 | si.elgen · first_building Castle |
| 27:10 | si.elgen · first_building Archery Range |
| 27:31 | fidelon33 · first_building Siege Workshop |
| 27:50 | si.elgen · wall_segment Stone Wall x1 |
| 29:12 | si.elgen · wall_segment Stone Wall x9 |
| 30:55 | si.elgen · first_building Stable |
| 31:46 | fidelon33 · first_market_buy 100 stone |
| 35:11 | si.elgen · first_market_sell 100 wood |
| 38:54 | si.elgen · resign |
[ AI ANALYSIS · 1 CREDIT ]
What really happened in this match?
Wolo.gg analyzes every decision: build order, eco, micro, common mistakes by bracket. Personalized analysis on WhatsApp or Discord in 30 seconds.
Civ guide
Turks
Perfil
Jugador #13707220